AoeStats
← IdliDosa

Arabia

510126668Analyzed
3v3 RM · 2d ago on Sep 29, 2026· 63m 27s· 6 players
Game mode
Random Map
Map size
Normal (6 player)
Population
200
Speed
Normal
Resources
Standard
Victory
Conquest
Starting age
Dark Age
Ending age
Imperial Age
RankedLock teamsTeams togetherTeam positionsShared explorationLock speedFull tech treeHidden civsTurbo modeCheats
Victory
Defeat
🇮🇳 Varangians · India
1286
+14
🇫🇷 Celts · France
1272
+14
🇺🇾 Turks · Uruguay
1232
+16
🇨🇱 Lithuanians · Chile
1313
-17
🇨🇱 Ethiopians · Chile
1263
-16
🇨🇱 Franks · Chile
1139
-11
Druminado
7:17 Loom
9:49 Feudal Age
10:24 Double-Bit Axe
24:45 Castle Age
23:41 Forging
23:39 Scale Barding Armor
23:55 Bloodlines
26:07 Iron Casting
29:02 Husbandry
30:56 Chain Barding Armor
32:53 Bow Saw
34:12 Wheelbarrow
33:55 Fervor
35:27 Bow Saw
35:08 Horse Collar
36:46 Town Watch
38:12 Hand Cart
39:20 Heavy Plow
39:52 Stone Mining
39:55 Gold Mining
44:41 Imperial Age
42:35 Light Cavalry
42:40 Elite Skirmisher
44:22 Stone Shaft Mining
44:00 Town Patrol
44:53 Cavalier
46:55 Plate Barding Armor
47:11 Ballistics
48:05 Conscription
48:08 Paladin
49:36 Winged Hussar
51:28 Fletching
51:40 Pikeman
52:20 Squires
52:32 Hill Forts
53:56 Bodkin Arrow
ISRA10
6:53 Loom
9:31 Feudal Age
9:57 Double-Bit Axe
16:30 Town Watch
16:39 Gold Mining
16:32 Horse Collar
17:20 Fletching
22:43 Castle Age
21:14 Gold Mining
21:59 Padded Archer Armor
22:44 Crossbowman
23:32 Thumb Ring
23:35 Bodkin Arrow
27:31 Leather Archer Armor
28:29 Wheelbarrow
31:37 Hand Cart
33:27 Stone Mining
38:22 Ballistics
44:10 Imperial Age
42:29 Gold Shaft Mining
43:54 Masonry
44:15 Arbalester
45:17 Bracer
46:55 Ring Archer Armor
47:33 Chemistry
48:55 Bow Saw
49:26 Conscription
57:44 Architecture
57:20 Siege Engineers
EzQL| Lordhuaiqui
0:27 Loom
10:53 Feudal Age
22:24 Castle Age
20:49 Double-Bit Axe
22:35 Wheelbarrow
21:53 Gold Mining
23:10 Stone Mining
24:10 Gold Shaft Mining
25:03 Hand Cart
29:55 Ordonnance Companies
31:51 Bow Saw
32:24 Scale Mail Armor
32:49 Forging
32:40 Padded Archer Armor
39:32 Imperial Age
37:44 Chain Mail Armor
39:47 Leather Archer Armor
39:32 Fletching
41:11 Plate Mail Armor
41:37 Conscription
41:24 Bodkin Arrow
42:02 Heavy Mounted Crossbowman
43:28 Scale Barding Armor
43:52 Ballistics
46:24 Chemistry
46:19 Cranequins
48:25 Chain Barding Armor
TinFit
6:22 Loom
9:04 Feudal Age
9:52 Double-Bit Axe
14:58 Horse Collar
17:48 Wheelbarrow
21:19 Castle Age
19:26 Gold Mining
20:02 Fletching
20:52 Padded Archer Armor
21:04 Bloodlines
22:16 Bow Saw
22:43 Gold Shaft Mining
22:09 Bodkin Arrow
22:22 Husbandry
26:26 Leather Archer Armor
26:20 Town Watch
27:20 Scale Barding Armor
28:52 Forging
30:12 Chain Barding Armor
31:12 Thumb Ring
31:57 Heavy Plow
35:05 Ballistics
35:22 Iron Casting
34:52 Stone Mining
35:39 Gold Shaft Mining
41:03 Imperial Age
40:19 Sipahi
42:11 Parthian Tactics
41:48 Bracer
43:26 Conscription
44:51 Ring Archer Armor
48:16 Hand Cart
49:55 Two-Man Saw
48:48 Heavy Cavalry Archer
51:10 Plate Barding Armor
56:50 Blast Furnace
62:50 Artillery
Eljerrican
11:54 Feudal Age
13:49 Loom
16:51 Castle Age
16:21 Fletching
18:27 Wheelbarrow
20:01 Elite Skirmisher
20:48 Double-Bit Axe
20:56 Horse Collar
33:28 Padded Archer Armor
33:34 Gold Mining
33:35 Stone Mining
37:50 Hand Cart
44:28 Imperial Age
44:52 Town Watch
48:22 Pikeman
49:15 Forging
49:05 Scale Mail Armor
49:07 Halberdier
51:27 Masonry
53:59 Iron Casting
53:22 Bodkin Arrow
55:08 Leather Archer Armor
56:22 Bow Saw
58:54 Chemistry
59:22 Ballistics
62:42 Heavy Plow
IdliDosa
9:26 Feudal Age
10:13 Double-Bit Axe
10:30 Horse Collar
10:49 Loom
12:58 Bloodlines
17:23 Scale Barding Armor
18:32 Forging
26:38 Castle Age
26:53 Light Cavalry
27:34 Husbandry
27:52 Bow Saw
30:27 Chain Barding Armor
30:27 Heavy Plow
30:46 Vendel Legacy
33:14 Wheelbarrow
34:08 Iron Casting
37:39 Hand Cart
44:38 Imperial Age
43:12 Gold Mining
43:12 Stone Mining
45:10 Cavalier
47:18 Plate Barding Armor
48:12 Blast Furnace
49:15 Conscription
49:05 Town Watch
51:44 Hussar
56:05 Two-Man Saw
55:38 Crop Rotation
57:31 Caravan
Connection lost

Rejoining the realm…

Still unreachable

The connection could not be restored.

Session expired

The server has moved on; the page needs a fresh start.